[Event "*** Titled Tuesday Blitz"]
[Site "Chess.com"]
[Date "2020.05.12"]
[Round "2"]
[White "rynos0411"]
[Black "1stSecond"]
[Result "0-1"]
[WhiteElo "2327"]
[BlackElo "2673"]
[TimeControl "180+1"]
[EndTime "10:18:35 PDT"]
[Termination "1stSecond won by resignation"]

1. d4 Nf6 2. c4 c5 3. d5 b5 4. cxb5 a6 5. bxa6 g6 6. Nc3 Bg7 7. e4 O-O 8. Nf3 Qa5 9. Bd3 Nxd5 10. exd5 Bxc3+ 11. Bd2 Bxd2+ 12. Qxd2 Qxd2+ 13. Nxd2 Bxa6 14. Bxa6 Nxa6 15. a3 Nb4 16. O-O Nxd5 17. Rfe1 Rfb8 18. b3 e6 19. a4 Nf4 20. g3 Nd3 21. Re3 Nb4 22.
Rc1 d6 23. Ne4 Ra6 24. Rd1 Nd5 25. Red3 Rb4 26. Nd2 Rd4 27. Rxd4 cxd4 28. Nc4 Nc3 29. Rd2 d5 30. Ne5 f6 31. Nd7 e5 32. f4 e4 33. Kf1 d3 34. Nc5 Rc6 35. b4 f5 36.
a5 Kf7 37. a6 Rc7 38. Rb2 Nb5 39. Ra2 d4 40. Ke1 Ke7 41. Kd2 Kd6 42. Ra5 Kc6 43.
a7 Rxa7 44. Nb3 Rxa5 45. Nxa5+ Kd5 46. Nc4 0-1

[Event "*** Titled Tuesday Blitz"]
[Site "Chess.com"]
[Date "2020.05.12"]
[Round "2"]
[White "PauloCesarCosta_sad"]
[Black "awesomevishesh"]
[Result "0-1"]
[WhiteElo "2195"]
[BlackElo "2435"]
[TimeControl "180+1"]
[EndTime "10:18:35 PDT"]
[Termination "awesomevishesh won on time"]

1. Nf3 Nf6 2. c4 g6 3. g3 Bg7 4. Bg2 O-O 5. O-O d6 6. d4 Nc6 7. Nc3 e5 8. dxe5 dxe5 9. Qxd8 Rxd8 10. Bg5 Be6 11. Nd2 h6 12. Bxf6 Bxf6 13. Rfd1 Bg7 14. Bxc6 bxc6 15. Nce4 f5 16. Nc5 Bf7 17. e4 Bf8 18.
Ncb3 a5 19. Nf3 a4 20. Rxd8 Rxd8 21. Na5 fxe4 22. Nxe5 Rd2 23. Nxf7 Kxf7 24. Nxc6 Bc5 25. Rf1 Rxb2 26. Ne5+ Ke6 27. Nxg6 Rxa2 28. Nf4+ Kf5 29. Nd5 a3 30. Nxc7 Rxf2 31. Rxf2+ Bxf2+ 32. Kxf2 a2 33. Nb5 a1=Q 34. Nd6+ Ke5 35. Nf7+ Ke6 36. Nxh6 Qd4+ 37. Kf1 Qd3+ 38. Kf2 Qd2+ 39. Kf1 Qxh6 0-1

[Event "*** Titled Tuesday Blitz"]
[Site "Chess.com"]
[Date "2020.05.12"]
[Round "2"]
[White "GrafLermontov"]
[Black "larisakalinina"]
[Result "1-0"]
[WhiteElo "2379"]
[BlackElo "2009"]
[TimeControl "180+1"]
[EndTime "10:18:36 PDT"]
[Termination "GrafLermontov won on time"]

1. d4 d5 2. c4 e6 3. Nc3 Nf6 4. cxd5 exd5 5. Bg5 Be7 6. e3 O-O 7. Bd3 Bg4 8. Qc2 Nbd7 9. h3 Bh5 10. g4 Bg6 11. Nf3 c6 12. O-O-O Ne4 13. Bxe7 Qxe7 14. Bxe4 Bxe4 15. Nxe4 Qxe4 16. Qxe4 dxe4 17. Nd2 Rfe8 18. Nb3 b6 19. Kd2 a5 20. a4 b5 21. Ra1 bxa4 22. Rxa4 Nb6 23. Ra2 a4 24. Nc5 a3 25.
bxa3 Rxa3 26. Rxa3 Nc4+ 27. Kc3 Nxa3 28. Ra1 Nb5+ 29.
Kc4 Nd6+ 30. Kc3 g6 31. Ra6 Rc8 32. Nd7 f5 33. gxf5 gxf5 34. Ne5 Kg7 35. Rxc6 Rd8 36. Rc7+ Kh6 37. Rc6 Kh5 38. Rc7 h6 39. Rh7 Rc8+ 40. Kd2 Nc4+ 41. Nxc4 Rxc4 42. d5 Rc5 43. Rd7 Kg6 44.
d6 Kf6 45. Rh7 1-0

[Event "*** Titled Tuesday Blitz"]
[Site "Chess.com"]
[Date "2020.05.12"]
[Round "2"]
[White "ehrenfeld"]
[Black "Azatnew"]
[Result "0-1"]
[WhiteElo "2500"]
[BlackElo "2751"]
[TimeControl "180+1"]
[EndTime "10:18:37 PDT"]
[Termination "Azatnew won on time"]

1. e4 c5 2. d3 Nc6 3. f4 g6 4.
Nf3 Bg7 5. Be2 e6 6. O-O Nge7 7.
c3 O-O 8. Be3 d6 9. d4 cxd4 10.
cxd4 Qb6 11. Qd2 d5 12. e5 Bd7 13. Nc3 Rfc8 14. Rac1 Na5 15. b3 Rc7 16. Rc2 Rac8 17.
Rfc1 Nf5 18. Bf2 Bf8 19. g4 Ng7 20. Nd1 Bb4 21. Rxc7 Rxc7 22. Qb2 Rxc1 23. Qxc1 Nc6 24. a3 Be7 25. b4 a6 26. Nc3 Na7 27. Bd3 Qc7 28. Qc2 Kf8 29. Qb3 a5 30. b5 Nc8 31.
Kg2 Nb6 32. a4 h5 33. h3 hxg4 34. hxg4 Nc4 35. Ne2 Bb4 36. Ng3 b6 37. f5 exf5 38. gxf5 Nxf5 39. Nxf5 Bxf5 40. Bxf5 gxf5 41. Qd3 Qd7 42.
Bh4 Qe6 43. Bf6 Be7 44. Ng5 Qd7 45. Qh3 Ke8 46. Qh8+ Bf8 0-1

[Event "*** Titled Tuesday Blitz"]
[Site "Chess.com"]
[Date "2020.05.12"]
[Round "2"]
[White "Guachiney"]
[Black "Caterpiller35"]
[Result "0-1"]
[WhiteElo "2802"]
[BlackElo "2352"]
[TimeControl "180+1"]
[EndTime "10:18:37 PDT"]
[Termination "Caterpiller35 won by resignation"]

1. e4 c5 2. Nf3 Nc6 3. d4 cxd4 4. Nxd4 e5 5. Nb5 d6 6. N1c3 a6 7. Na3 b5 8. Nd5 Nge7 9. c4 Nd4 10. Bd3 Nxd5 11.
cxd5 Be7 12. O-O O-O 13. Nc2 Nxc2 14. Qxc2 Bd7 15. Be3 Qb8 16. f4 Rc8 17. Qf2 exf4 18. Bxf4 Be8 19. Rae1 Bf6 20. Qg3 Bxb2 21. Bxd6 Qb6+ 22.
Kh1 Rc3 23. Be5 g6 24. Bxc3 Bxc3 25. Rc1 b4 26. e5 Qd4 27. e6 Qxd5 28. exf7+ Bxf7 29. Rc2 a5 30. h4 a4 31. Re2 Rd8 32.
Re7 Qxd3 33. Qxd3 Rxd3 34. Rexf7 b3 35. axb3 axb3 36. Rf8+ Kg7 37. R1f7+ Kh6 38. Rb7 b2 39. Rff7 Kh5 40. Rxh7+ Kg4 41. Kg1 Rd1+ 42. Kf2 b1=Q 43. Rxb1 Rxb1 0-1

[Event "*** Titled Tuesday Blitz"]
[Site "Chess.com"]
[Date "2020.05.12"]
[Round "2"]
[White "Hasangatin_Ramil"]
[Black "Jumbo"]
[Result "1-0"]
[WhiteElo "2561"]
[BlackElo "2834"]
[TimeControl "180+1"]
[EndTime "10:18:38 PDT"]
[Termination "Hasangatin_Ramil won on time"]

1. e4 e5 2. Nf3 Nc6 3. Bb5 a6 4.
Ba4 d6 5. Bxc6+ bxc6 6. d4 exd4 7.
Qxd4 c5 8. Qd3 Be7 9. Nc3 Nf6 10. e5 dxe5 11. Qxd8+ Bxd8 12. Nxe5 Be7 13. Be3 Be6 14.
Nd3 Nd7 15. O-O-O O-O-O 16. Na4 Bxa2 17. Naxc5 Nxc5 18. Bxc5 Bxc5 19. Nxc5 Bd5 20. f3 a5 21.
Rd4 Bc6 22. Rxd8+ Rxd8 23. Rd1 Re8 24. Kd2 Re5 25. Nd3 Rg5 26. Nf4 a4 27. Re1 Kd7 28. h4 Rb5 29. Nd3 f6 30. Ke3 Rh5 31. g3 Rf5 32. f4 Rb5 33. Rd1 Kc8 34. Ra1 Rb6 35. Ra3 Be8 36. Kd2 Rd6 37. Ke3 Re6+ 38. Kd2 Bb5 39. Rc3 Rd6 40. Rc5 c6 41. c4 Ba6 42.
Kc3 Kc7 43. Ra5 Bc8 44. Ra7+ 1-0

[Event "*** Titled Tuesday Blitz"]
[Site "Chess.com"]
[Date "2020.05.12"]
[Round "2"]
[White "Camels1981"]
[Black "Zq1"]
[Result "1-0"]
[WhiteElo "2309"]
[BlackElo "2544"]
[TimeControl "180+1"]
[EndTime "10:18:38 PDT"]
[Termination "Camels1981 won by resignation"]

1. e4 c5 2. Nf3 d6 3. d4 cxd4 4.
Nxd4 Nf6 5. Nc3 Nc6 6. Bc4 Bd7 7.
Bb3 g6 8. Bg5 Bg7 9. O-O O-O 10.
Nf3 Rc8 11. Qd2 Bg4 12. Ne1 Na5 13. f3 Be6 14. Nd3 Nc4 15. Bxc4 Bxc4 16. Rfd1 b5 17. Kh1 a5 18. a3 Qb6 19. Ne2 Rfd8 20. b3 Be6 21. Be3 Qc7 22. Rac1 Nd7 23. Nef4 Bb2 24.
Rb1 Bxa3 25. Nxe6 fxe6 26. Bg5 Re8 27. Nf4 Bb4 28. Qf2 Qxc2 29. Qh4 Ne5 30. Nxe6 Nd3 31.
Be3 Bc3 32. Ng5 h5 33. Ne6 Qe2 34. Qg5 Kf7 35. Nf4 Rg8 36. Nxe2 Bf6 37. Qg3 h4 38. Qh3 g5 39. Rxd3 g4 40. fxg4 b4 41. Rf1 Kg7 42. g5 Be5 43. Qg4 Rgf8 44. Rxf8 Rxf8 45. Rd1 1-0

[Event "*** Titled Tuesday Blitz"]
[Site "Chess.com"]
[Date "2020.05.12"]
[Round "2"]
[White "FeketeBarika"]
[Black "CyberneticLion"]
[Result "1-0"]
[WhiteElo "2307"]
[BlackElo "2538"]
[TimeControl "180+1"]
[EndTime "10:18:38 PDT"]
[Termination "FeketeBarika won by resignation"]

1. Nf3 d5 2. g3 Nf6 3. Bg2 Nbd7 4. c4 c6 5. O-O e5 6. d3 Be7 7. Nc3 O-O 8. Bg5 d4 9. Nb1 Rb8 10. Nbd2 Qc7 11. Rc1 c5 12. a3 b6 13. e3 Re8 14.
exd4 exd4 15. Bf4 Bd6 16. Bxd6 Qxd6 17. Re1 Bb7 18. Ng5 Bxg2 19. Kxg2 Qc6+ 20. Qf3 Qxf3+ 21. Ngxf3 Ng4 22. Ne4 Nge5 23. Nxe5 Nxe5 24. Rcd1 Kf8 25. b4 Nd7 26. Nd6 Re6 27. Nb5 a5 28. bxa5 bxa5 29. Nc7 Rc6 30. Nb5 f6 31. Rb1 Ne5 32. Red1 Rcb6 33.
h3 Nc6 34. Rbc1 R6b7 35. f4 Na7 36. Nd6 Rb2+ 37. Kf3 R8b6 38. Ne4 Re6 39. Rb1 Reb6 40. Rxb2 Rxb2 41. Nxc5 Ra2 42. Ne6+ Kf7 43. Nxd4 Rxa3 44.
Ke3 Ra2 45. Rb1 Nc8 46. Rb7+ Kg6 47. f5+ Kh6 48. c5 Ra1 49. Rc7 Re1+ 50. Ne2 a4 51. Rxc8 a3 52. Ra8 1-0

[Event "*** Titled Tuesday Blitz"]
[Site "Chess.com"]
[Date "2020.05.12"]
[Round "2"]
[White "Keks2017"]
[Black "PavlovDanila"]
[Result "0-1"]
[WhiteElo "2471"]
[BlackElo "2702"]
[TimeControl "180+1"]
[EndTime "10:18:40 PDT"]
[Termination "PavlovDanila won by resignation"]

1. g3 Nf6 2. Bg2 g6 3. Nf3 Bg7 4.
O-O d6 5. d3 O-O 6. c4 Nc6 7.
Nc3 e5 8. Rb1 Ne8 9. Bd2 f5 10.
b4 f4 11. b5 Nd4 12. Nxd4 exd4 13. Nd5 fxg3 14. hxg3 Nf6 15. Qb3 Kh8 16. Rbc1 Re8 17. Rfe1 Bg4 18. Nxf6 Qxf6 19. Bxb7 Rab8 20. Be4 Rf8 21. f3 Bf5 22. Rf1 g5 23. a4 Be6 24.
Qc2 Qh6 25. Qd1 Qh3 26. Qe1 Be5 27. Qf2 Bxg3 28. Qg2 Qh4 29. Be1 Bxe1 30. Rfxe1 g4 31. Qh2 Qe7 32. f4 g3 33. Qh5 Rxf4 34. Rf1 Rh4 35.
Qf3 g2 36. Kxg2 Rg8+ 37. Kf2 Rf8 38. Ke1 Rxf3 39. Bxf3 Qg5 40. Kd1 Bg4 41. Kc2 Bxf3 42. Rxf3 Rh2 43. Re1 Qg4 44. Kd1 Rg2 45. Rf8+ Kg7 46.
Ra8 Rg1 47. Rxa7 Rxe1+ 48. Kxe1 Qg1+ 49. Kd2 Qa1 50. Rxc7+ Kg6 51. Rc6 h5 52. Rxd6+ Kg5 53. Rd8 Qxa4 54. Ke1 Qa7 55. Rg8+ Kf4 56. Kf2 Qf7 57.
Rg1 h4 58. c5 h3 59. c6 h2 60.
Rh1 Qh7 61. b6 Qh4+ 62. Kg2 Qg3+ 63. Kf1 Ke3 0-1

[Event "*** Titled Tuesday Blitz"]
[Site "Chess.com"]
[Date "2020.05.12"]
[Round "2"]
[White "mjray79"]
[Black "spidernv"]
[Result "1-0"]
[WhiteElo "2242"]
[BlackElo "2440"]
[TimeControl "180+1"]
[EndTime "10:18:40 PDT"]
[Termination "mjray79 won by checkmate"]

1. d4 d5 2. c4 c6 3. Nf3 Nf6 4. Nc3 e6 5. e3 Be7 6. Be2 O-O 7. O-O Nbd7 8. b3 b6 9. Bb2 Bb7 10. Qc2 Rc8 11. e4 dxe4 12. Nxe4 c5 13. Nxf6+ Bxf6 14. dxc5 Nxc5 15. Rad1 Qe7 16. Nd4 Rfd8 17. Nb5 Be4 18.
Qc1 Nd3 19. Bxd3 Bxd3 20. Rfe1 Bg5 21. Qa1 Bh6 22. Ba3 Qg5 23. Nd6 Bc2 24. Nxc8 Bxd1 25. Be7 Qd2 26. Kf1 Qd3+ 27. Kg1 Qd2 28. Kf1 Rd7 29.
Nxa7 Bf4 30. g3 Qd3+ 31. Kg1 Qf3 32. Nc6 Bxg3 33. hxg3 Qxc6 34. Rxd1 Rxe7 35. Qe5 f6 36.
Qd6 Qb7 37. Qd8+ Kf7 38. Qh8 Kg6 39. Qd8 h5 40. Qd3+ f5 41. Qe2 e5 42. Rd6+ Kg5 43. Qe3+ f4 44. gxf4+ exf4 45. Rd5+ Kg4 46. f3+ Kh3 47.
Rxh5+ Kg3 48. Qf2# 1-0

[Event "*** Titled Tuesday Blitz"]
[Site "Chess.com"]
[Date "2020.05.12"]
[Round "2"]
[White "vanyakuba"]
[Black "beto-betun"]
[Result "1-0"]
[WhiteElo "2406"]
[BlackElo "2113"]
[TimeControl "180+1"]
[EndTime "10:18:40 PDT"]
[Termination "vanyakuba won by checkmate"]

1. e4 c5 2. c3 d5 3. exd5 Qxd5 4.
d4 Nc6 5. Nf3 Nf6 6. a3 Bg4 7.
Be2 e6 8. h3 Bxf3 9. Bxf3 Qd7 10. dxc5 Bxc5 11. b4 Qxd1+ 12. Kxd1 Bxf2 13. Ke2 Bg3 14. Nd2 O-O 15. Bb2 Rad8 16. Nb3 Ne5 17. Bxb7 Nc4 18. Bc1 Nd5 19. Bxd5 Rxd5 20. Rd1 Rfd8 21. Rxd5 Rxd5 22. Nd2 Nxd2 23. Bxd2 Be5 24. Rc1 Rd7 25. c4 h6 26. Bc3 Bf4 27. Rd1 Rc7 28. c5 g5 29.
Rd8+ Kh7 30. Kd3 Kg6 31. Kc4 Be3 32. Bd4 Bf4 33. b5 e5 34. Bf2 e4 35. Re8 e3 36.
Bxe3 Bxe3 37. Rxe3 Kf5 38. c6 Kf4 39. Re8 f5 40. Kc5 Kg3 41. Kd6 Rf7 42. c7 Rxc7 43.
Kxc7 Kxg2 44. Kb7 f4 45. Kxa7 Kxh3 46. b6 g4 47. b7 g3 48. b8=Q g2 49. Rg8 f3 50.
Qg3# 1-0

[Event "*** Titled Tuesday Blitz"]
[Site "Chess.com"]
[Date "2020.05.12"]
[Round "2"]
[White "Duhless"]
[Black "DenishevM"]
[Result "1-0"]
[WhiteElo "3094"]
[BlackElo "2580"]
[TimeControl "180+1"]
[EndTime "10:18:41 PDT"]
[Termination "Duhless won by resignation"]

1. d4 Nf6 2. Nf3 b6 3. Bg5 e6 4.
e4 Be7 5. Bd3 Bb7 6. Nbd2 h6 7.
Bxf6 Bxf6 8. Qe2 d6 9. c3 Nd7 10. O-O-O e5 11. Kb1 a6 12. Nc4 exd4 13. cxd4 O-O 14. e5 Re8 15. Qc2 b5 16. Na5 Bxf3 17.
gxf3 dxe5 18. Nc6 Qc8 19. dxe5 Nxe5 20. Bf5 Qb7 21. Be4 Qb6 22. Nxe5 Bxe5 23. Bxa8 Rxa8 24. Qe4 Qg6 25. Rd3 Qxe4 26. fxe4 Bd6 27. h3 Re8 28. f3 Re5 29. Rd5 Re6 30. Rc1 Rg6 31. e5 Bb4 32. Rxc7 Rg3 33. Rd8+ Kh7 34. Rxf7 Kg6 35. e6 Rxh3 36. Rg8 Rh1+ 37. Kc2 Rh2+ 38. Kd3 1-0

[Event "*** Titled Tuesday Blitz"]
[Site "Chess.com"]
[Date "2020.05.12"]
[Round "2"]
[White "Dedic8"]
[Black "IriBu"]
[Result "0-1"]
[WhiteElo "2764"]
[BlackElo "2532"]
[TimeControl "180+1"]
[EndTime "10:18:41 PDT"]
[Termination "IriBu won by resignation"]

1. e4 Nf6 2. e5 Nd5 3. d4 d6 4. Nf3 Bg4 5. Be2 c6 6. Ng5 Bf5 7. Bg4 Bxg4 8. Qxg4 dxe5 9. dxe5 e6 10. O-O Nd7 11.
Qg3 Ne7 12. Qf4 Nf5 13. g4 Nh6 14. Nc3 Qc7 15. Nf3 Be7 16. Ne4 O-O 17. Qg3 f5 18. exf6 Qxg3+ 19. hxg3 Nxf6 20. Nxf6+ Rxf6 21. Ne5 Nf7 22. Nd3 Rd8 23. Be3 b6 24. Kg2 e5 25. f3 Rg6 26. Rad1 e4 27. fxe4 Rxg4 28. Rxf7 Kxf7 29. Ne5+ Ke6 30. Rxd8 Kxe5 31. Re8 Kd6 32. Kf3 Rg6 33. Bf4+ Kd7 34. Ra8 a5 35. Ra7+ Ke8 36. Be3 c5 37. a4 Rf6+ 38. Ke2 Re6 39. Kd3 h5 40. Ra8+ Kf7 41. Rh8 g6 42. Bf4 Kg7 43. Rb8 g5 44. Bc7 h4 45. gxh4 gxh4 46. Rxb6 Rxb6 47. Bxb6 Bd6 48.
e5 Bxe5 49. Bxc5 h3 50. Bg1 Bxb2 51. Kc4 Kf6 52. Kd5 Bc3 53. Bh2 Kf5 54. Bb8 Kg4 55.
Ke4 Be1 56. c4 Bg3 57. Bxg3 Kxg3 58. c5 h2 59. c6 h1=Q+ 60. Ke5 Qxc6 0-1

[Event "*** Titled Tuesday Blitz"]
[Site "Chess.com"]
[Date "2020.05.12"]
[Round "2"]
[White "MikaelyanArman"]
[Black "BigAl"]
[Result "1-0"]
[WhiteElo "2676"]
[BlackElo "2459"]
[TimeControl "180+1"]
[EndTime "10:18:41 PDT"]
[Termination "MikaelyanArman won by resignation"]

1. d4 Nf6 2. c4 g6 3. Nc3 Bg7 4.
e4 O-O 5. Nge2 d6 6. Ng3 a6 7.
Be2 c6 8. O-O e5 9. d5 cxd5 10.
cxd5 Nbd7 11. Be3 h5 12. f3 h4 13. Nh1 Nh5 14. Qd2 b5 15. b4 Nf4 16. a4 bxa4 17.
Rxa4 Qg5 18. g3 hxg3 19. hxg3 Nh3+ 20. Kg2 Nf4+ 21. Kf2 Nh3+ 22. Ke1 Qd8 23. Bd3 Nb6 24. Ra2 Bd7 25. Nf2 Nxf2 26. Qxf2 Qc8 27. Rc2 Nc4 28. Nb1 Bb5 29. Nd2 Nxe3 30. Rxc8 Bxd3 31. Rxf8+ Rxf8 32. Qxe3 Bb5 33. Nb1 f5 34. Nc3 f4 35. Qf2 Bc4 36. Rg1 fxg3 37. Qxg3 Rf6 38. Kd2 Bh6+ 39. Kc2 Bf4 40.
Qh4 g5 41. Rxg5+ Bxg5 42. Qxg5+ Kf7 43. Qg4 Ke7 44. Qg7+ Rf7 45. Qg5+ Rf6 46. Nd1 Kf7 47. Ne3 Be2 48. Nf5 Bxf3 49. Qg7+ 1-0

[Event "*** Titled Tuesday Blitz"]
[Site "Chess.com"]
[Date "2020.05.12"]
[Round "2"]
[White "PaulfromSPb"]
[Black "DishonorOnYourCow"]
[Result "1-0"]
[WhiteElo "2631"]
[BlackElo "2336"]
[TimeControl "180+1"]
[EndTime "10:18:41 PDT"]
[Termination "PaulfromSPb won on time"]

1. e4 e5 2. Nf3 Nc6 3. Bc4 Bc5 4. c3 Nf6 5. d3 d6 6. Bb3 a5 7. O-O h6 8. d4 Bb6 9. dxe5 dxe5 10. Qxd8+ Nxd8 11. Nbd2 Nc6 12. Nc4 a4 13. Nxb6 cxb6 14. Bc2 Be6 15.
Be3 Bc4 16. Rfe1 b5 17. Bc5 Nd7 18. Bd6 Ra6 19. b3 Be6 20. Rad1 f6 21. Nh4 Kf7 22.
Nf5 axb3 23. axb3 Ra2 24. Ne3 Rha8 25. f3 Rb2 26. Rb1 Raa2 27. Rxb2 Rxb2 28. b4 Ra2 29. Bd3 Ra3 30. Rc1 Na7 31. Kf2 Nc8 32. Bc7 Na7 33.
Nd5 f5 34. Nb6 Nxb6 35. Bxb6 Ra2+ 36. Kg1 fxe4 37. fxe4 Ra3 38. Bxa7 Rxa7 39. Bxb5 Ra2 40. Bf1 b6 41. Bd3 Rb2 42. Rc2 Rb3 43. Kf2 g5 44.
Ke3 Ke7 45. Kd2 Kd6 46. Kc1 Kd7 47.
Bb5+ Kd6 48. Be2 Ra3 49. Kb2 Rb3+ 50. Kc1 Kc7 51. Bd1 Ra3 52. Kd2 b5 53. Be2 Kb6 54. Ke3 Ra1 55. Rd2 Kc6 56. Rd8 1-0

[Event "*** Titled Tuesday Blitz"]
[Site "Chess.com"]
[Date "2020.05.12"]
[Round "2"]
[White "SmirnovAlexandrA"]
[Black "Rodalquilar"]
[Result "1-0"]
[WhiteElo "2344"]
[BlackElo "2608"]
[TimeControl "180+1"]
[EndTime "10:18:41 PDT"]
[Termination "SmirnovAlexandrA won by resignation"]

1. e4 e5 2. Nf3 Nc6 3. Bb5 a6 4.
Ba4 Nf6 5. O-O Be7 6. Re1 b5 7. Bb3 d6 8. c3 O-O 9. h3 Na5 10. Bc2 d5 11. exd5 e4 12. Nd4 Qxd5 13. d3 exd3 14. Qxd3 Bb7 15. Nf3 Bd6 16. Qxd5 Nxd5 17. Nbd2 Rfe8 18. Ne4 Bf8 19. Bd2 Nc4 20. Bc1 f5 21.
Ng3 Rxe1+ 22. Nxe1 Re8 23. Nf3 g6 24. a4 Bc5 25.
axb5 axb5 26. Bg5 Nxb2 27. Rb1 Ba3 28. Bb3 c5 29. Bc1 c4 30. Bxb2 Bxb2 31. Rxb2 Nxc3 32. Bxc4+ bxc4 33. Rxb7 Nd5 34. Rb5 Rd8 35. Rc5 Nb6 36. Ne5 Rd1+ 37. Kh2 Rc1 38. Rc6 Nd5 39. Rxc4 Ra1 40. Rc5 Nf4 41. Rc4 Ne6 42. Ne2 Ra2 43.
Nd4 Nxd4 44. Rxd4 Rxf2 45. Rd7 Re2 46. Nf3 Re8 47. Kg3 Ra8 48. Kf4 h6 49. Ne5 Ra6 50. Rc7 Ra4+ 51. Nc4 Ra6 52. Ke5 Kf8 53. Nd6 Ra1 54. Kf6 1-0

[Event "*** Titled Tuesday Blitz"]
[Site "Chess.com"]
[Date "2020.05.12"]
[Round "2"]
[White "NikolaGry"]
[Black "AndriiTop"]
[Result "1/2-1/2"]
[WhiteElo "2634"]
[BlackElo "2335"]
[TimeControl "180+1"]
[EndTime "10:18:41 PDT"]
[Termination "Game drawn by agreement"]

1. b3 b6 2. Bb2 Bb7 3. Nf3 Nf6 4. e3 e6 5. c4 Be7 6. Be2 c5 7. O-O O-O 8. Nc3 d6 9. d4 cxd4 10. Nxd4 Nbd7 11. Bf3 Bxf3 12. Qxf3 Ne5 13. Qe2 a6 14. Rfd1 Qc7 15. Rac1 Rac8 16. f4 Nc6 17. Nf3 Qb7 18.
Rd2 Rfd8 19. Rcd1 Rd7 20. h3 Rcd8 21. g4 d5 22. g5 Ne4 23. Nxe4 dxe4 24. Ne5 Nxe5 25.
Bxe5 Bb4 26. Rxd7 Rxd7 27. Kf2 Bc5 28. Qc2 Rxd1 29. Qxd1 Qe7 30. Bc3 a5 31. h4 Qd6 32.
Qxd6 Bxd6 33. Bd4 Bc5 34. a3 Kf8 35. b4 axb4 36. axb4 Bxb4 37. Bxb6 f5 38. h5 g6 39. h6 Ke7 40. Bd4 Kd7 41. Ke2 Kc6 42.
Kd1 Ba5 43. Kc2 Bb4 44. Kb3 Bd6 45. Ka4 Bc7 46. Kb3 Ba5 47. Kc2 Bb4 1/2-1/2

[Event "*** Titled Tuesday Blitz"]
[Site "Chess.com"]
[Date "2020.05.12"]
[Round "2"]
[White "PetrolulSah"]
[Black "doons21"]
[Result "0-1"]
[WhiteElo "2285"]
[BlackElo "2526"]
[TimeControl "180+1"]
[EndTime "10:18:41 PDT"]
[Termination "doons21 won on time"]

1. d4 Nf6 2. c4 g6 3. Nc3 Bg7 4. e4 O-O 5. Be2 d6 6. Be3 a6 7. g4 c5 8. g5 Nfd7 9. d5 b5 10. Qd2 bxc4 11. Bxc4 Ne5 12. Be2 c4 13. h4 Nbd7 14. f4 Nd3+ 15. Bxd3 cxd3 16. Qxd3 Rb8 17. Qd2 Qa5 18. Nd1 Qa4 19. Nc3 Qb4 20. Nge2 Qxb2 21.
Qxb2 Rxb2 22. O-O-O Rb4 23. Kc2 Nc5 24. Bxc5 dxc5 25.
Rb1 a5 26. a3 Rc4 27. Rb6 Bg4 28. Kd3 Bxe2+ 29. Nxe2 Ra4 30. e5 Rxa3+ 31. Kc4 Re3 32. Nc3 Rf3 33. Ne2 Rf2 34. Rb2 a4 35. Ra1 Ra8 36.
Ra3 h6 37. Kd3 Rh2 38. Raa2 Rxh4 39. Rb7 hxg5 40. Rxe7 gxf4 41. d6 f3 42. Nc3 Rh5 43. d7 Rxe5 44. Rxe5 Bxe5 0-1

[Event "*** Titled Tuesday Blitz"]
[Site "Chess.com"]
[Date "2020.05.12"]
[Round "2"]
[White "zmarian"]
[Black "Kotofeyca"]
[Result "0-1"]
[WhiteElo "2145"]
[BlackElo "2415"]
[TimeControl "180+1"]
[EndTime "10:18:41 PDT"]
[Termination "Kotofeyca won on time"]

1. g3 d5 2. Bg2 c6 3. c4 Nf6 4. Nf3 a6 5. b3 Bg4 6. Qc2 Nbd7 7. d3 e6 8. Nbd2 Bc5 9. O-O Qe7 10. Bb2 O-O 11.
a3 a5 12. d4 Bd6 13. c5 Bc7 14. b4 e5 15. Nxe5 Nxe5 16. dxe5 Bxe5 17. e3 Bf5 18. Qxf5 Bxb2 19. Ra2 Bc3 20. bxa5 Rxa5 21. Nb3 Ra4 22.
Qc2 Be5 23. Rb1 Rfa8 24. Nd4 Bxd4 25. exd4 Rxd4 26. Rab2 Rc4 27. Qd3 Ra7 28. Bh3 Qxc5 29. Rxb7 Rc1+ 30. Kg2 Rxb7 31. Rxb7 g6 32. Rb8+ Kg7 33.
Rb1 Rxb1 34. Qxb1 Qxa3 35. Bc8 Qd6 36. h3 c5 37. Qb2 d4 38. Bb7 c4 39. Bf3 Qe5 40. g4 Nd5 41. Kg1 Nf4 42. Qc1 g5 43. Bg2 d3 44. Bf3 c3 0-1

[Event "*** Titled Tuesday Blitz"]
[Site "Chess.com"]
[Date "2020.05.12"]
[Round "2"]
[White "Konovalova_Vera"]
[Black "Manukyan_Artak"]
[Result "0-1"]
[WhiteElo "2106"]
[BlackElo "2403"]
[TimeControl "180+1"]
[EndTime "10:18:41 PDT"]
[Termination "Manukyan_Artak won by checkmate"]

1. d4 Nf6 2. Nf3 d6 3. Bg5 Ne4 4. Bh4 c5 5. e3 Qb6 6. b3 Qb4+ 7. Nbd2 Bf5 8. Bd3 Nc3 9. Qc1 Bxd3 10. cxd3 cxd4 11. Nxd4 Nc6 12. a3 Qc5 13. b4 Qh5 14.
Qxc3 Qxh4 15. Nxc6 Rc8 16. b5 bxc6 17. bxc6 Qa4 18.
Rc1 e5 19. O-O Be7 20. Rc2 O-O 21. Rb1 Rc7 22. Rb7 Rfc8 23. Rxc7 Rxc7 24. g3 h5 25. Ne4 d5 26. Nd2 d4 27. Qc4 Qxa3 28. exd4 exd4 29.
Qxd4 h4 30. Qf4 Bd6 31. Qe4 h3 32. Qe8+ Kh7 33. Rc4 Qxd3 34. Rh4+ Kg6 35. Qh8 Kf6 36. Qd8+ Re7 37. Rf4+ Kg6 38. Rg4+ Kf5 39. Rf4+ Ke6 40. Re4+ Kf6 41. Rf4+ Kg6 42. Rg4+ Kh5 43. Rh4+ Kg5 44. Qh8 Re1+ 45. Nf1 Qxf1# 0-1

[Event "*** Titled Tuesday Blitz"]
[Site "Chess.com"]
[Date "2020.05.12"]
[Round "2"]
[White "Glidzhian_Gor"]
[Black "francyIM"]
[Result "1-0"]
[WhiteElo "2478"]
[BlackElo "2663"]
[TimeControl "180+1"]
[EndTime "10:18:42 PDT"]
[Termination "Glidzhian_Gor won by resignation"]

1. e4 e5 2. Nf3 Nc6 3. Bb5 a6 4. Ba4 Nf6 5. d3 b5 6. Bb3 Bc5 7. O-O O-O 8. c3 Bb7 9. Bg5 h6 10. Bh4 Be7 11. Nbd2 d6 12. Re1 Nd7 13. Bg3 Nc5 14. Bc2 Ne6 15. Nf1 Bf6 16. Ne3 g6 17.
h4 Bg7 18. h5 Ng5 19. Nh4 Ne7 20. a4 Ne6 21. hxg6 fxg6 22. Bb3 Rf6 23. Qg4 Qd7 24. axb5 h5 25. Qh3 axb5 26. Nhf5 gxf5 27. exf5 d5 28. fxe6 Qxe6 29. Rxa8+ Bxa8 30. Qxh5 Rf8 31. Ng4 Rf5 32. Qe8+ Rf8 33. Qh5 Rf5 34. Qh3 Ng6 35.
Nh6+ Bxh6 36. Qxh6 Qf7 37. Bd1 Qg7 38. Qh3 Qf8 39. Bg4 Rf6 40. Be6+ Kg7 41. Rxe5 Qd6 42. d4 Qa6 43. Re1 Bc6 44. Bf5 Qa8 45. Bxg6 Kxg6 46. Qg4+ Kf7 47. Qh5+ Rg6 48. Bh4 Qg8 49. Re7+ Kf8 50.
Qf5+ 1-0

[Event "*** Titled Tuesday Blitz"]
[Site "Chess.com"]
[Date "2020.05.12"]
[Round "2"]
[White "MartinMatthiesen"]
[Black "ViktoriyaTarasova"]
[Result "1/2-1/2"]
[WhiteElo "2428"]
[BlackElo "2205"]
[TimeControl "180+1"]
[EndTime "10:18:42 PDT"]
[Termination "Game drawn by stalemate"]

1. d4 Nf6 2. c4 e6 3. Nf3 b6 4. g3 Ba6 5. b3 d5 6. Bg2 Bb4+ 7.
Bd2 Bd6 8. Qc2 O-O 9. O-O c5 10. cxd5 exd5 11. Nc3 Nbd7 12. Rfd1 Rc8 13. Rac1 h6 14.
Qf5 Bb7 15. Be3 c4 16. bxc4 dxc4 17. Bf4 Bxf4 18. Qxf4 Nd5 19. Nxd5 Bxd5 20. e4 Bb7 21. Bh3 Rc6 22. e5 b5 23. d5 Ra6 24. Rd2 Nc5 25.
d6 Nd3 26. Rxd3 cxd3 27. Rc7 Bxf3 28. Qxf3 d2 29. Rc2 Qa5 30. Qe2 Qb4 31. Rxd2 Rc6 32. d7 Rc1+ 33. Kg2 Qe7 34. e6 f5 35. Bxf5 Rc5 36.
Bb1 g5 37. d8=Q Rxd8 38. Rxd8+ Qxd8 39. e7 Qe8 40. Bg6 Qc6+ 41. f3 Qxg6 42. e8=Q+ Qxe8 43. Qxe8+ Kg7 44. Qe7+ Kg6 45. Qxc5 Kg7 46. Qxa7+ Kg6 47.
Qb6+ Kg7 48. Qxb5 Kg6 49. a4 Kg7 50. a5 Kg6 51. a6 Kh5 52. a7 Kg6 53. a8=Q Kh5 54.
Qaa6 1/2-1/2

[Event "*** Titled Tuesday Blitz"]
[Site "Chess.com"]
[Date "2020.05.12"]
[Round "2"]
[White "ulkaf961"]
[Black "sergeikim"]
[Result "1-0"]
[WhiteElo "2194"]
[BlackElo "2406"]
[TimeControl "180+1"]
[EndTime "10:18:43 PDT"]
[Termination "ulkaf961 won by resignation"]

1. e4 e5 2. Nf3 Nc6 3. d4 exd4 4. Nxd4 Bc5 5. Nxc6 Qf6 6. Qd2 dxc6 7. Nc3 Be6 8. Na4 Be7 9. Bd3 O-O-O 10. Qa5 Kb8 11. Be3 b6 12. Qc3 Qxc3+ 13. Nxc3 Nf6 14. h3 c5 15. a4 c4 16. Be2 Bb4 17. Bf3 Nd7 18.
O-O Ne5 19. Be2 Nc6 20. Nd5 Bxd5 21. exd5 Rxd5 22. Bf3 Rd6 23. Bf4 Rf6 24. Bg5 Rg6 25. Bf4 Bd6 26. Be3 Na5 27. Rfd1 Re8 28. Bd5 Rf6 29. Bd4 Rf5 30. Bxg7 Re2 31. Bf3 Rxc2 32. Be4 Rfxf2 33. Bxc2 Rxc2 34. Rf1 Bc5+ 35. Kh1 Bf2 36. Rac1 Re2 37. Bc3 Nb3 38. Rcd1 Nc5 39. Rd8+ Kb7 40.
Rf8 Nd3 41. Rxf7 Bc5 42. Rxh7 Nf2+ 43. Rxf2 Bxf2 44. g4 Bg3 45. g5 Re6 46. Rh6 Re2 47.
g6 Bf4 48. Rh8 Re7 49. g7 1-0